 Dungeon Crawl Stone Soup version 0.27-a0-1273-gec92ba881d (webtiles) character file.

Game seed: 9187042079817492985

6079 kae the Cleaver (level 10, -7/94 HPs)
             Began as a Hill Orc Fighter on June 11, 2021.
             Was a Believer of Qazlal.
             Mangled by a two-headed ogre
             ... wielding a +0 giant spiked club
              (9 damage)
             ... on level 9 of the Dungeon.
             The game lasted 00:07:56 (12096 turns).

kae the Cleaver (Hill Orc Fighter)                 Turns: 12096, Time: 00:07:56

Health: -7/94      AC: 13    Str: 23    XL:     10   Next: 88%
Magic:  16/16      EV:  4    Int:  8    God:    Qazlal [**....]
Gold:   415        SH: 12    Dex: 10    Spells: 9/9 levels left

rFire    . . .     SeeInvis +   a - +1 war axe
rCold    . . .     Faith    .   c - +0 kite shield
rNeg     . . .     Spirit   .   u - +0 plate armour
rPois    +         Reflect  .   q - +0 helmet
rElec    .         Harm     .   (no cloak)
rCorr    .         Rampage  .   o - +0 pair of gloves
Will     .....                  (no boots)
Stlth    ..........             (no amulet)
HPRegen  0.25/turn              m - ring of poison resistance
MPRegen  0.15/turn              i - ring of see invisible

@: no status effects
A: no striking features
a: Renounce Religion, Upheaval


You were on level 9 of the Dungeon.
You worshipped Qazlal.
Qazlal was pleased with you.
You visited 1 branch of the dungeon, and saw 9 of its levels.

You collected 435 gold pieces.
You spent 20 gold pieces at shops.

Inventory:

Hand Weapons
 a - a +1 war axe (weapon)
 w - a +0 broad axe
Armour
 b - a +1 scale mail
 c - a +0 kite shield (worn)
 o - a +0 pair of gloves (worn)
 q - a +0 helmet (worn)
 u - a +0 plate armour (worn)
Jewellery
 i - a ring of see invisible (right hand)
 m - a ring of poison resistance (left hand)
 t - a ring of magical power
Wands
 l - a wand of polymorph (3)
 n - a wand of digging (6)
Scrolls
 f - 2 scrolls of immolation
 j - 3 scrolls of teleportation
 k - 4 scrolls of identify
 p - 2 scrolls of magic mapping
 r - a scroll of fog
Potions
 d - 2 potions of might
 g - 3 potions of brilliance
 h - 7 potions of curing
 s - 2 potions of heal wounds
 v - a potion of degeneration
 x - a potion of flight


   Skills:
 + Level 10.6 Fighting
 * Level 14.9 Axes
 - Level 3.2 Armour
 - Level 3.2 Shields
 + Level 8.6 Invocations


You had 9 spell levels left.
You didn't know any spells.
Your spell library contained the following spells:

 Spells                   Type           Power      Damage    Failure   Level
 Confusing Touch          Hex            0%         N/A       100%        3
 Gell's Gravitas          Tloc           0%         N/A       100%        3
 Petrify                  Tmut/Erth      0%         N/A       100%        4
 Metabolic Englaciation   Hex/Ice        0%         N/A       100%        5
 Yara's Violent Unravell  Hex/Tmut       0%         3d3       100%        5


Dungeon Overview and Level Annotations

Branches:
Dungeon (9/15)             Temple (0/1) D:6            Lair (0/6) D:8
    Orc (0/2) D:9

Altars:
Cheibriados
Okawaru
Qazlal
Trog

Shops:
D:5 (:?


Message History

11 arrows; a +0 shortbow
Things that are here:
14 arrows; a +0 shortbow
There is an escape hatch in the ceiling here.
A two-headed ogre comes into view.
It is wielding a +0 giant club and a +0 giant spiked club.
You hear two shouts!
A two-headed ogre comes into view.
It is wielding two +0 giant spiked clubs.
There are monsters nearby!
There are monsters nearby!
You hit the two-headed ogre.
The two-headed ogre is lightly wounded.
The two-headed ogre hits you with a +0 giant spiked club!
The two-headed ogre barely misses you.
You slash the two-headed ogre!
The two-headed ogre is moderately wounded.
You slash the two-headed ogre!
The two-headed ogre is heavily wounded.
You hit the two-headed ogre.
The two-headed ogre hits you with a +0 giant spiked club!
The two-headed ogre hits you with a +0 giant spiked club!!
You block the two-headed ogre's attack. x2
You are too injured to fight recklessly!
You are too injured to fight recklessly!
You are too injured to fight recklessly!
You are too injured to fight recklessly!
You are too injured to fight recklessly!
You slash the two-headed ogre!
The two-headed ogre is severely wounded.
You slash the two-headed ogre!
The two-headed ogre hits you with a +0 giant spiked club!!
The two-headed ogre hits you with a +0 giant spiked club!
* * * LOW HITPOINT WARNING * * *
The two-headed ogre hits you with a +0 giant club!!
* * * LOW HITPOINT WARNING * * *
The two-headed ogre hits you but does no damage.
You slash the two-headed ogre!
The two-headed ogre is almost dead.
You barely miss the two-headed ogre.
The two-headed ogre hits you with a +0 giant spiked club!
You die...

##..(.##(..## #...#
#..##.###### #...##
#.####..## #....
###.####...# #...#
##...#..#.⌠.# #...#
##.......#...# #...#
#........##<#######...##.#
#......<§.###.............
#........@O...............
##........O.####..........
##...#...#.# #..........
#####...#.# #..........
###÷#.#######...###.
#.......#......# .
##..#.......#..#
#.......... ###
#############>#...###.


You could see 2 two-headed ogres.

Vanquished Creatures
  A shadow (D:9)
  Eustachio (D:6)
  8 yaks
  2 wyverns
  A fire bat (D:7)
  2 basilisks
  2 steam dragons
  7 water moccasins
  4 orc warriors
  A sky beast (D:7)
  An ice beast (D:7)
  A black bear (D:4)
  A necrophage (D:7)
  The ghost of polve the Cutter, an amateur DsAK of Lugonu (D:3)
  3 ogres
  5 centaurs
  2 bullfrogs
  A gnoll sergeant (D:9)
  7 scorpions
  4 wights (D:7)
  3 hounds
  3 orc priests
  2 bullfrog skeletons
  2 iguanas
  8 orc wizards
  A killer bee zombie (D:8)
  A howler monkey zombie (D:8)
  5 gnolls (D:9)
  9 adders
  An ufetubus (D:4)
  A worm (D:3)
  30 orcs
  6 ball pythons
  7 bats
  7 endoplasms
  4 giant cockroaches
  6 goblins
  9 hobgoblins
  9 kobolds
  4 quokkas
  A frilled lizard (D:2)
  3 rats
177 creatures vanquished.

Vanquished Creatures (others)
  An orc wizard (D:5)
  6 plants (D:8)
7 creatures vanquished.

Grand Total: 184 creatures vanquished

Notes
Turn   | Place    | Note
-------+----------+-------------------------------------------
     0 | D:1      | kae the Hill Orc Fighter began the quest for the Orb.
     0 | D:1      | Reached XP level 1. HP: 19/19 MP: 1/1
   184 | D:1      | Reached skill level 3 in Axes
   421 | D:1      | Reached XP level 2. HP: 27/27 MP: 2/2
  1282 | D:1      | Reached skill level 4 in Axes
  1358 | D:2      | Reached XP level 3. HP: 25/33 MP: 3/3
  1671 | D:2      | Noticed a scorpion
  1682 | D:2      | Killed a scorpion
  1683 | D:2      | Reached skill level 5 in Axes
  1683 | D:2      | Reached XP level 4. HP: 30/41 MP: 4/4
  1819 | D:2      | Reached XP level 5. HP: 47/47 MP: 5/5
  1886 | D:2      | Reached skill level 6 in Axes
  1988 | D:2      | Reached skill level 5 in Fighting
  2835 | D:3      | Noticed polve's ghost (amateur DsAK)
  2840 | D:3      | Found a runed translucent gate.
  2840 | D:3      | Found a runed translucent gate.
  2842 | D:3      | Found a runed translucent gate.
  3051 | D:3      | Reached XP level 6. HP: 56/56 MP: 6/6
  3114 | D:3      | Found a faded altar of an unknown god.
  3462 | D:3      | Killed polve's ghost
  3463 | D:3      | Reached skill level 7 in Axes
  4108 | D:4      | Reached skill level 8 in Axes
  4117 | D:4      | Reached XP level 7. HP: 58/63 MP: 7/7
  4334 | D:4      | Reached skill level 9 in Axes
  4728 | D:4      | Found a stormy altar of Qazlal.
  4990 | D:4      | Became a worshipper of Qazlal Stormbringer
  5017 | D:5      | Entered Level 5 of the Dungeon
  5044 | D:5      | Reached XP level 8. HP: 68/73 MP: 8/8
  5070 | D:5      | Found Irasoth's Weapon Shoppe.
  5082 | D:5      | Reached skill level 10 in Axes
  5082 | D:5      | Reached skill level 1 in Invocations
  5879 | D:5      | Found Qung's Magic Scroll Shop.
  6061 | D:5      | Bought a scroll of identify for 20 gold pieces
  6254 | D:5      | Found Mofoan's Book Shoppe.
  6291 | D:5      | Found an iron altar of Okawaru.
  6375 | D:6      | Found a staircase to the Ecumenical Temple.
  6579 | D:6      | Reached skill level 11 in Axes
  6803 | D:6      | Noticed Eustachio
  6853 | D:6      | Killed Eustachio
  7180 | D:6      | Reached XP level 9. HP: 66/81 MP: 10/12
  7284 | D:6      | Found a snail-covered altar of Cheibriados.
  7799 | D:7      | Noticed Maggie
  8184 | D:7      | Reached skill level 12 in Axes
  8184 | D:7      | Reached skill level 5 in Invocations
  8604 | D:7      | Noticed Maggie
  8604 | D:7      | Maggie changed into Maggie the fire bat
  8609 | D:7      | Killed Maggie the fire bat
  9436 | D:6      | Reached skill level 13 in Axes
  9661 | D:7      | Reached * piety under Qazlal
  9669 | D:7      | Reached XP level 10. HP: 76/91 MP: 13/15
 10634 | D:8      | Reached skill level 10 in Fighting
 10789 | D:8      | Found a staircase to the Lair.
 10852 | D:8      | Reached skill level 14 in Axes
 11048 | D:8      | Found a bloodstained altar of Trog.
 11332 | D:9      | Noticed a two-headed ogre
 11705 | D:9      | Found a staircase to the Orcish Mines.
 11719 | D:9      | Reached ** piety under Qazlal
 11829 | D:9      | Noticed a tengu warrior
 11834 | D:9      | Noticed a catoblepas
 12077 | D:9      | Noticed a two-headed ogre
 12077 | D:9      | Noticed a two-headed ogre
 12095 | D:9      | HP: 2/94 [two-headed ogre/+0 giant club (20)]
 12096 | D:9      | Mangled by a two-headed ogre

Illustrated notes

Levels and vault maps discovered:
D:1:      eino_arrival_cavern_a, layout_basic
D:2:      layout_basic
D:3:      layout_basic, dilly_ecumenical_altar_fadedgnrine,
          gammafunk_ghost_split
D:4:      layout_basic, lemuel_crystal_altar
D:5:      layout_rooms, okawaru_metal_pillars_1_2, serial_shops, shop_fountains,
          kennysheep_mini_moat, nicolae_shop_stone
D:6:      layout_basic, general_overflow_altar, minmay_temple_entry_crystal_x,
          uniq_eustachio
D:7:      layout_gridville, serial_glass, glass_columns_b, glass_columns_a,
          minivault_11, uniq_maggie
D:8:      layout_rooms, lemuel_crystal_altar, minmay_lair_entry_grove
D:9:      hangedman_cross_cluster, layout_rooms, nemelex_spade_bored_becter,
          orc_0_dummy, grunt_ministairs_4

Skill      XL: |  1  2  3  4  5  6  7  8  9 10 |
---------------+-------------------------------+-----
Axes           | 3 4 5 6 8 9 11 13 14 | 14.9
Fighting       | 4 5 6 7 8 9 10 | 10.6
Invocations    | 4 6 8 |  8.6
Armour         | |  3.2
Shields        | |  3.2

Action                   |  1- 3 |  4- 6 |  7- 9 | 10-12 || total
-------------------------+-------+-------+-------+-------++-------
Melee: War axe           |    96 |   185 |   297 |   154 ||   732
Evoke: Wand              |       |       |     2 |       ||     2
  Use: Scroll            |     3 |     3 |     6 |     3 ||    15
       Potion            |     1 |     3 |     3 |       ||     7
 Stab: Petrified         |       |       |       |     1 ||     1
Armor: Scale mail        |    43 |    99 |    69 |       ||   211
       Skin              |       |       |    14 |       ||    14
       Plate armour      |       |       |    52 |    84 ||   136
Dodge: Dodged            |    27 |    54 |    67 |    32 ||   180
Block: Kite shield       |    52 |    96 |   140 |   110 ||   398

Table legend: (Time is in decaauts)
 A = Elapsed time spent in this place.
 B = Non-inter-level travel time spent in this place.
 C = Inter-level travel time spent in this place.
 D = Time resting spent in this place.
 E = Time spent auto-exploring this place.
 F = Levels seen in this place.
 G = Mean time per level.
                   A        B        C        D        E       F      G
               +--------+--------+--------+--------+--------+-----+--------+
         Total |  12282 |  11898 |    384 |   3360 |   6850 |   9 | 1364.7 |
       Dungeon |  12282 |  11898 |    384 |   3360 |   6850 |   9 | 1364.7 |
               +--------+--------+--------+--------+--------+-----+--------+

Top non-repeatable levels by time:
     D:6: 2147 daAuts
     D:7: 2103 daAuts
     D:4: 1374 daAuts
     D:1: 1366 daAuts
     D:3: 1287 daAuts
     D:2: 1267 daAuts
     D:5: 1210 daAuts
     D:8: 1129 daAuts
     D:9: 394 daAuts
